 Dungeon Crawl Stone Soup version 0.32-a0-685-g93135e86f0 (webtiles) character file.

Game seed: 15206486091540744909

1869679 growler the Wrestler (level 25, 240/240 HPs)
             Began as a Grey Draconian Shapeshifter on Mar 11, 2024.
             Was the Champion of Wu Jian.
             Escaped with the Orb
             ... and 3 runes on Mar 12, 2024!
             The game lasted 03:59:21 (54716 turns).

growler the Wrestler (Grey Draconian Shapeshifter) Turns: 54716, Time: 03:59:22

Health: 240/240    AC: 28    Str: 16      XL:     25   Next: 95%
Magic:  23/23      EV: 23    Int: 15      God:    Wu Jian [******]
Gold:   6218       SH:  0    Dex: 17 (18) Spells: 24/24 levels left

rFire   + .          .
                       - Unarmed
rCold   + + .        (no shield)
rNeg    + + +        (body armour unavailable)
rPois   ∞            T - +2 hat {Int+3}
rElec   .            y - +2 cloak
rCorr   .            z - +2 pair of gloves
SInv    +            L - +2 pair of boots
Will    ++...        f - amulet of Vitality {Regen++ RegenMP++}
Stlth   ++           R - ring "Soinugg" {rC+ rN+ SInv}
HPRegen 2.20/turn    g - ring of the Duchess {rF+ rN+}
MPRegen 0.98/turn

%: clarity
@: death-form, flying
A: vile attack, torment immunity, no potions, flying, (mud breath),
(mud-swimmer), AC +17, amphibious, unfitting armour, cold-blooded, big wings,
horns 1, clarity, weak 2, devolution 1, persistent drain
0: Orb of Zot
}: 3/15 runes: decaying, serpentine, abyssal
a: Siphon Essence, Begin Untransformation, Renounce Religion, Wall Jump,
Serpent's Lash, Heavenly Storm


You escaped.
You worshipped Wu Jian.
Wu Jian was exalted by your worship.
You were an undying horror.
You visited 9 branches of the dungeon, and saw 46 of its levels.
You visited the Abyss 2 times.
You also visited: Sewer and Wizlab.

You collected 7706 gold pieces.
You spent 1488 gold pieces at shops.

Inventory:

Missiles
 G - 7 throwing nets (quivered)
Armour
 y - a +2 cloak (worn)
 z - a +2 pair of gloves (worn)
 L - a +2 pair of boots (worn)
 T - a +2 hat of intelligence (worn)
Jewellery
 f - the amulet of Vitality (around neck) {Regen++ RegenMP++}
   (You found it on level 14 of the Dungeon)

   [amulet of nothing]

   Regen++:   It increases your rate of health regeneration.
   RegenMP++: It increases your rate of magic regeneration.
 g - the ring of the Duchess (right hand) {rF+ rN+}
   (You found it on level 3 of the Elven Halls)

   [ring of protection from fire]

   rF+:       It protects you from fire.
   rN+:       It protects you from negative energy.
 j - a +5 ring of evasion
 B - a ring of poison resistance
 E - a ring of willpower
 R - the ring "Soinugg" (left hand) {rC+ rN+ SInv}
   (You found it in a wizard's laboratory)

   [ring of protection from cold]

   rC+:       It protects you from cold.
   rN+:       It protects you from negative energy.
   SInv:      It lets you see invisible.
Talismans
 i - a storm talisman
 H - the serpent talisman of Midsummer {Fly Int-3 Slay+3 SInv}
   (You took it off Aizul on level 3 of the Snake Pit)

   [serpent talisman]

   Int-3:     It affects your intelligence (-3).
   Slay+3:    It affects your accuracy & damage with ranged weapons and melee
   (+3).
   SInv:      It lets you see invisible.
   Fly:       It grants you flight.
 P - a talisman of death (active)
 Q - a dragon-blood talisman
 W - a blade talisman
Wands
 k - a wand of roots (48)
 p - a wand of flame (55)
 w - a wand of charming (59)
 C - a wand of polymorph (30)
 F - a wand of acid (31)
 S - a wand of mindburst (43)
 V - a wand of digging (23)
Scrolls
 d - 6 scrolls of fog
 e - 12 scrolls of noise
 l - 12 scrolls of teleportation
 n - 11 scrolls of fear
 q - 2 scrolls of enchant armour
 r - 2 scrolls of blinking
 t - 5 scrolls of poison
 u - 8 scrolls of vulnerability
 A - 7 scrolls of immolation
 M - 8 scrolls of identify
 N - a scroll of revelation
 O - 6 scrolls of torment
 U - 6 scrolls of enchant weapon
 X - 3 scrolls of summoning
Potions
 a - 10 potions of lignification
 b - 8 potions of enlightenment
 h - 2 potions of might
 m - 13 potions of heal wounds
 o - 4 potions of cancellation
 s - 9 potions of ambrosia
 v - 5 potions of haste
 x - 8 potions of attraction
 D - 16 potions of curing
 I - 2 potions of berserk rage
 J - 4 potions of invisibility
 K - 2 potions of resistance
 Z - 5 potions of mutation
Miscellaneous
 c - a phial of floods
 Y - a tin of tremorstones (2/2)


   Skills:
 + Level 22.8 Fighting
 + Level 17.6 Dodging
 - Level 8.0 Stealth
 + Level 26.1 Unarmed Combat
 + Level 12.2 Evocations
 + Level 24.0 Shapeshifting


You had 24 spell levels left.
You didn't know any spells.
Your spell library contained the following spells:

 Spells                   Type           Power      Damage    Failure   Level
 Apportation              Tloc           0%         N/A       26%         1
 Foxfire                  Conj/Fire      0%         2x1d4     26%         1
 Freeze                   Ice            0%         1d3       26%         1
 Magic Dart               Conj           0%         1d3       26%         1
 Necrotise                Necr           0%         1d4       26%         1
 Shock                    Conj/Air       0%         1d3       26%         1
 Slow                     Hex            0%         N/A       26%         1
 Sting                    Conj/Alch      0%         1d3       26%         1
 Summon Small Mammal      Summ           0%         N/A       26%         1
 Call Imp                 Summ           0%         N/A       38%         2
 Ensorcelled Hibernation  Hex/Ice        0%         N/A       38%         2
 Lesser Beckoning         Tloc           0%         N/A       38%         2
 Searing Ray              Conj           0%         2d4       38%         2
 Sublimation of Blood     Necr           0%         N/A       38%         2
 Call Canine Familiar     Summ           0%         N/A       63%         3
 Confusing Touch          Hex            0%         N/A       63%         3
 Frozen Ramparts          Ice            0%         1d1       63%         3
 Fugue of the Fallen      Necr           0%         N/A       63%         3
 Gell's Gravitas          Tloc           0%         N/A       63%         3
 Hailstorm                Conj/Ice       0%         3d5       63%         3
 Ozocubu's Armour         Ice            0%         N/A       63%         3
 Passwall                 Erth           0%         N/A       63%         3
 Sigil of Binding         Hex            0%         N/A       63%         3
 Summon Ice Beast         Ice/Summ       0%         N/A       63%         3
 Swiftness                Air            0%         N/A       63%         3
 Teleport Other           Tloc           0%         N/A       63%         3
 Tukima's Dance           Hex            0%         N/A       63%         3
 Vampiric Draining        Necr           0%         2d6       63%         3
 Volatile Blastmotes      Fire/Tloc      0%         2d10      63%         3
 Airstrike                Air            0%         2d(0-16)  95%         4
 Anguish                  Hex/Necr       0%         N/A       95%         4
 Animate Dead             Necr           0%         N/A       95%         4
 Dimensional Bullseye     Hex/Tloc       0%         N/A       95%         4
 Fulminant Prism          Conj/Alch      0%         3d5       95%         4
 Ignite Poison            Fire/Alch      0%         N/A       95%         4
 Iskenderun's Mystic Bla  Conj/Tloc      0%         2d3       95%         4
 Leda's Liquefaction      Alch/Erth      0%         N/A       95%         4
 Manifold Assault         Tloc           0%         N/A       95%         4
 Martyr's Knell           Necr/Summ      0%         N/A       95%         4
 Sticky Flame             Fire/Alch      0%         2d4       95%         4
 Vhi's Electric Charge    Tloc/Air       0%         N/A       95%         4
 Alistair's Intoxication  Alch           0%         N/A       100%        5
 Arcjolt                  Conj/Air       0%         1d10      100%        5
 Borgnjor's Vile Clutch   Necr/Erth      0%         N/A       100%        5
 Curse of Agony           Necr           0%         N/A       100%        5
 Iskenderun's Battlesphe  Conj           0%         2d6       100%        5
 Bombard                  Conj/Erth      0%         9d1       100%        6
 Conjure Ball Lightning   Conj/Air       0%         3x3d6     100%        6
 Dispersal                Tloc           0%         N/A       100%        6
 Eringya's Noxious Bog    Alch           0%         4d6       100%        6
 Plasma Beam              Fire/Air       0%         2x1d10    100%        6
 Sculpt Simulacrum        Ice/Alch       0%         N/A       100%        6
 Starburst                Conj/Fire      0%         6d3       100%        6
 Spellforged Servitor     Conj/Summ      0%         N/A       100%        7
 Summon Hydra             Summ           0%         N/A       100%        7
 Disjunction              Tloc           0%         N/A       100%        8
 Ignition                 Fire           0%         3d3       100%        8
 Lehudib's Crystal Spear  Conj/Erth      0%         10d2      100%        8
 Maxwell's Capacitive Co  Air            0%         ∞         100%        8


Dungeon Overview and Level Annotations

Branches:
Dungeon (15/15)            Temple (0/1) D:7            Lair (5/5) D:8
  Swamp (4/4) Lair:3        Snake (4/4) Lair:2        Slime (0/5) Lair:5
    Orc (2/2) D:12            Elf (3/3) Orc:2        Vaults (4/5) D:14
  Crypt (0/3) Vaults:3     Depths (4/4) D:15            Zot (5/5) Depths:4
  Sewer (visited)          WizLab (visited)

Altars:
Ashenzari
Fedhas
Gozag
Kikubaaqudgha
Nemelex Xobeh
Okawaru
Qazlal
Ru
Sif Muna
Trog
Uskayaw
Wu Jian
Xom
Zin
Jiyva
Lugonu

Shops:
D:4 (   D:7 (   D:8 [   D:9 :   Orc:2 *[:(*   Elf:3 (   Snake:3 =*   Vaults:2 [
Depths:1 :   Depths:2 *   Depths:4 (

Portals:
Hell: Depths:1 Depths:2 Depths:3 Depths:4
Abyss: Depths:2 Depths:3
Pandemonium: Depths:1 Depths:2 Depths:3 Depths:4
Ziggurat: Depths:3
Trove: Depths:4 (give 2 scrolls of acquirement)

Annotations:
D:9 1 runed translucent door, MadMike78's ghost, journeyman CoHu
D:10 1 runed translucent door, jestert79's ghost, journeyman CoAr
D:12 4 runed translucent doors
Snake:3 3 runed translucent doors, exclusion: obsidian statue, jasper's ghost, adept DsCA
Vaults:4 1 transporter, Plog's ghost, veteran CoAr
Depths:1 1 transporter


Innate Abilities, Weirdness & Mutations

You are an undying horror.
Your melee and unarmed attacks drain, slow and weaken victims.
You are immune to unholy pain and torment.
You cannot drink.
You are flying.
You are immune to poison.
((You can breathe torrents of mud.))
((You are unimpeded by mud.))
Your dull iron-grey scales are very hard. (AC +17)
You are amphibious.
You cannot fit into any form of body armour.
You are cold-blooded and may be slowed by cold attacks.
Your large and strong wings let you fly.
You have a pair of small horns on your head.
You possess an exceptional clarity of mind.
You are very weak. (Str -4)
You have hidden genetic defects.
Your health recovers twice as slowly from being drained.


Message History

Things that are here:
a +0 ring mail; a +0 hand axe An Executioner comes into view.
There is a stone staircase leading up here.
You fly upwards.
There is a stone staircase leading down here.
A hellwing comes into view.
You can't go up here!
You spin and attack the hellwing repeatedly.
You pummel the hellwing!!
The hellwing decays.
You tail-slap the hellwing, but do no damage.
You punch the hellwing, but do no damage.
The hellwing is heavily wounded.
You hit the hellwing but do no damage.
You tail-slap the hellwing, but do no damage.
The hellwing is heavily wounded.
The hellwing swoops through the air toward you!
The hellwing hits you but does no damage.
The hellwing barely misses you.
You pummel the hellwing!!
You kill the hellwing!
The Council accepts your kill.
A chaos spawn comes into view.
There is a stone staircase leading up here.
You fly upwards.
There is a stone staircase leading down here.
There is a stone staircase leading up here.
You fly upwards.
There is a stone staircase leading down here.
Items here: )))) [[ ÷÷.
Items here: )) ÷÷.
You see here a +0 dagger.
Things that are here:
a frilled lizard skeleton; a hobgoblin skeleton
There is a stone staircase leading up here.
You fly upwards.
There is a stone staircase leading down here.
There is an open door here.
There is a staircase leading out of the dungeon here.
You have escaped!

###################...##...#.....
##........................#####..
...#.#'###########'###.....# ##.
.....#.#.#♣♣♣♣♣#.#.# ##....# #.
######.............# ###..# #.
### #..♣..♣.♣..♣..#######.######
..# #≈#♣♣..~..♣♣#≈#.............
..# #≈#P♣.~≈≈h♣P#≈#############.
..# #≈#>..~ß~..z#≈# #. ..#
#≈#P♣.≈~≈.♣P#≈# #( ..#
#~#♣♣..≈..♣♣#~# #. ..#
#..♣..♣.♣..♣..########### #.
..####.............#.........# #.
.[..##.#.#♣♣♣♣♣#.#.#.........# ##
###..#'### ###'#.........# #
##...# #.#.........# # #####
#....†).....####


You could see a hell hog (wandering).

Vanquished Creatures
  4 dread liches (Zot:5)
  5 orbs of fire
  An ancient lich (Zot:5)
  Vv (Depths:3)
  Bai Suzhen (Snake:4)
  Vashnia (Snake:4)
  Boris (Depths:4)
  9 Killer Klowns (Zot:5)
  Parghit (Zot:1)
  2 curse toes
  3 caustic shrikes
  11 golden dragons
  Norris (Elf:2)
  3 electric golems
  3 walking crystal tomes
  13 tentacled monstrosities
  A lich (Depths:3)
  A moon troll (WizLab)
  Jorgrun (Swamp:3)
  27 Orb Guardians
  4 walking divine tomes
  A walking frostbound tome (Zot:4)
  3 deep elf blademasters
  A titan (Depths:3)
  5 sphinxes
  8 quicksilver dragons
  An Executioner (Abyss:3)
  2 deep elf master archers (Elf:3)
  11 death cobs
  Gastronok (Lair:2)
  Agnes (Snake:1)
  An ancient champion (Vaults:3)
  13 tentacled starspawn
  6 shadow dragons
  3 tengu reavers
  10 storm dragons
  Aizul (Snake:3)
  8 draconian monks
  6 draconian shifters
  A fenstrider witch (Swamp:4)
  Roxanne (Elf:2)
  3 draconian knights
  6 nagarajas
  6 fire giants
  2 narguns (Zot:4)
  9 frost giants
  7 deep elf sorcerers
  3 iron dragons
  4 protean progenitors
  6 draconian scorchers
  11 vault wardens
  5 ghost moths
  2 balrugs
  3 deep elf elementalists
  5 spriggan defenders
  3 orc warlords
  4 draconian annihilators
  3 cacodemons
  8 ironbound thunderhulks
  2 formless jellyfish
  22 ironbound preservers
  A caustic shrike skeleton (Abyss:3)
  A juggernaut skeleton (Depths:2)
  A vampire knight (Depths:4)
  21 very ugly things
  6 eleionomae
  16 stone giants
  7 deep elf death magi
  10 black draconians
  12 white draconians
  7 green draconians
  A war gargoyle (Vaults:3)
  3 deep elf annihilators (Elf:3)
  12 yellow draconians
  7 deep elf demonologists
  7 red draconians
  4 bunyips
  6 purple draconians
  Azrael (Orc:2)
  5 dire elephants
  5 spark wasps
  A quicksilver dragon zombie (Depths:2)
  9 ettins
  3 green deaths
  2 jiangshi (Depths:2)
  Josephine (D:11)
  4 deep elf high priests (Elf:3)
  2 shambling mangroves (Swamp:3)
  A crystal guardian (WizLab)
  15 vault guards
  10 yaktaur captains
  2 merfolk impalers (Depths:4)
  An entropy weaver (Vaults:2)
  An entropy weaver (shapeshifter) (D:13)
  9 fire dragons
  Fannar (D:10)
  12 great orbs of eyes
  8 ice dragons
  Erica (D:8)
  17 hydras
  5 spriggan air magi
  An ogre mage (Vaults:4)
  2 rakshasas
  2 hell beasts
  A caustic shrike simulacrum (Depths:2)
  4 ironbound frosthearts
  A peacekeeper (Vaults:3)
  6 alligators
  3 salamander tyrants
  5 boulder beetles
  A ghost crab (Swamp:2)
  A spriggan skeleton (Abyss:3)
  10 centaur warriors
  35 dancing weapons
  2 two-headed ogres
  4 catoblepae
  10 deep troll shamans
  13 anacondas
  7 deep troll earth magi
  A sphinx skeleton (Vaults:4)
  13 death yaks
  8 spriggan berserkers
  2 vampire magi
  5 orc high priests
  Urug (Lair:5)
  7 hell knights
  16 naga warriors
  8 naga sharpshooters
  6 tengu warriors
  3 occultists
  2 thrashing horrors (Swamp:4)
  5 shock serpents
  15 deep elf knights
  5 skysharks
  14 spriggans
  5 salamander mystics
  6 sun demons
  4 iron trolls
  4 skeletal warriors (Vaults:3)
  2 wretched stars
  78 deep trolls
  6 goliath frogs
  A flayed ghost (Depths:2)
  A deep troll (shapeshifter) (Depths:4)
  A spectral anaconda (Snake:1)
  A spatial maelstrom (Abyss:3)
  5 mana vipers
  2 naga ritualists (Snake:2)
  11 glowing orange brains
  7 arcanists
  A spriggan druid (Swamp:2)
  An anaconda skeleton (Abyss:3)
  5 necromancers
  2 orange crystal statues
  16 ironbound convokers
  11 swamp dragons
  3 thermic dynamos
  21 lindwurms
  12 bog bodies
  16 deep elf zephyrmancers
  8 orc knights
  9 deep elf archers
  Pikel (D:6)
  2 starcursed masses (WizLab)
  20 deep elf pyromancers
  29 ugly things
  2 wolf spiders
  4 orc sorcerers
  3 cyclopes
  2 shining eyes (Abyss:3)
  A tengu skeleton (Vaults:3)
  2 shining eyes (shapeshifter)
  6 will-o-the-wisps
  A worldbinder (Abyss:2)
  A mana viper (shapeshifter) (Depths:3)
  5 manticores
  31 moths of wrath
  A black mamba (shapeshifter) (Elf:1)
  16 salamanders
  A stone giant skeleton (Vaults:3)
  11 guardian serpents
  28 black mambas
  4 eyes of devastation (WizLab)
  A frost giant skeleton (Vaults:3)
  A gargoyle (D:11)
  12 elephants
  An apocalypse crab (Abyss:3)
  13 naga magi
  18 cane toads
  18 vault sentinels
  A fire giant skeleton (Vaults:3)
  5 orange demons
  An elf zombie (Vaults:4)
  2 unseen horrors
  3 spectral sea snakes (Snake:1)
  5 large abominations
  3 torpor snails
  Maggie (D:6)
  An unseen horror (shapeshifter) (Abyss:3)
  4 kobold demonologists
  6 komodo dragons
  2 freezing wraiths
  31 yaktaurs
  4 rime drakes
  3 tengu conjurers
  Psyche (D:11)
  2 tormentors
  2 ancient zymes (Abyss:3)
  An efreet (D:12)
  2 polar bears
  A yaktaur skeleton (Vaults:3)
  22 hornets
  A spectral guardian serpent (Snake:1)
  A queen bee (Lair:1)
  2 bloated husks
  2 hellwings
  10 tyrant leeches
  2 trolls
  Prince Ribbit (D:7)
  A blink frog (shapeshifter) (Abyss:3)
  13 blink frogs
  A raiju (Abyss:3)
  8 dream sheep
  4 glass eyes
  A tengu simulacrum (Depths:2)
  A frost giant simulacrum (Depths:2)
  A guardian serpent skeleton (Snake:1)
  69 slime creatures
  3 ettin skeletons (Vaults:3)
  A human (shapeshifter) (D:14)
  6 air elementals
  5 wraiths
  5 shadows
  A ynoxinul (Depths:4)
  10 fire elementals
  6 water elementals
  34 small abominations
  22 wyverns
  A sea snake simulacrum (Snake:1)
  47 yaks
  19 humans (D:14)
  8 golden eyes (WizLab)
  3 steam dragons
  3 wargs
  8 basilisks
  4 redbacks
  2 neqoxecs
  A glowing shapeshifter zombie (Vaults:4)
  3 chaos spawn
  A naga (shapeshifter) (D:13)
  44 nagas
  8 vampire mosquitoes
  19 swamp worms
  3 acid dragons
  22 water moccasins
  A glowing shapeshifter skeleton (Vaults:3)
  A naga skeleton (Snake:1)
  3 swamp drakes (Swamp:1)
  A water moccasin (shapeshifter) (Depths:2)
  Duvessa (D:5)
  6 hell hounds
  26 orc warriors
  2 black bears
  A guardian serpent simulacrum (Snake:1)
  2 ice beasts (D:8)
  An ettin simulacrum (Vaults:4)
  7 laughing skulls
  11 centaurs
  5 boggarts (Vaults:1)
  8 wolves
  4 ogres
  6 kobold brigands
  3 lemures (D:6)
  6 weeping skulls (Abyss:3)
  13 bullfrogs
  3 earth elementals (Elf:1)
  A scorpion (D:5)
  3 human skeletons (Vaults:3)
  6 naga simulacra (Snake:1)
  3 wights (D:7)
  Dowan (D:5)
  27 killer bees
  2 spectral nagas (Snake:1)
  2 electric eels
  10 howler monkeys
  3 jellies (Lair:5)
  22 orc priests
  3 bombardier beetles
  3 hounds
  2 iguanas
  An iron imp (Abyss:3)
  3 sleepcaps
  Jessica (D:3)
  Ijyb (D:4)
  27 orc wizards
  2 hell rats (Lair:5)
  Robin (D:2)
  3 gnolls (D:7)
  11 adders
  A river rat (D:3)
  A shadow imp (D:7)
  4 white imps
  2 ufetubi (D:7)
  14 dart slugs
  2 ribbon worms
  64 orcs
  17 endoplasms
  11 giant cockroaches
  7 hobgoblins
  13 jackals
  10 kobolds
  2 quokkas
  11 ball pythons
  5 bats
  21 frilled lizards
  15 goblins
  7 rats
  3 aspiring fleshes
  A lurking horror (Abyss:3)
  16 starspawn tentacles
2209 creatures vanquished.

Vanquished Creatures (others)
  An ancient lich (Depths:4)
  A ghost moth (Zot:4)
  A moth of wrath (Zot:4)
  A black mamba (shapeshifter) (Vaults:4)
  A torpor snail (Zot:3)
  A bloated husk (Swamp:3)
  A golden eye (Abyss:3)
  A swamp worm (Swamp:4)
  An orc priest (Orc:2)
  17 foxfires
  16 starspawn tentacles (WizLab)
42 creatures vanquished.

Grand Total: 2251 creatures vanquished

Notes
Turn   | Place    | Note
-------+----------+-------------------------------------------
     0 | D:1      | growler the Draconian Shapeshifter began the quest for the
                  | Orb.
     0 | D:1      | Reached XP level 1. HP: 16/16 MP: 1/1
    72 | D:1      | Reached XP level 2. HP: 12/23 MP: 2/2
   360 | D:1      | Reached XP level 3. HP: 29/29 MP: 3/3
   651 | D:2      | Noticed Robin
   691 | D:2      | Killed Robin
   759 | D:2      | Found an ornate altar of the Wu Jian Council.
   765 | D:2      | Became a worshipper of the Wu Jian Council
   884 | D:2      | Reached XP level 4. HP: 36/36 MP: 4/4
  1287 | D:3      | Noticed Jessica
  1295 | D:3      | Killed Jessica
  1296 | D:3      | Reached skill level 4 in Unarmed Combat
  1711 | D:3      | Found an iron altar of Okawaru.
  1794 | D:3      | Reached XP level 5. HP: 22/41 MP: 5/5
  1867 | D:3      | Found a glowing drain.
  1880 | Sewer    | Entered a sewer
  1915 | Sewer    | Reached * piety under Wu Jian
  2180 | Sewer    | Reached ** piety under Wu Jian
  2231 | Sewer    | Reached XP level 6. HP: 39/48 MP: 6/6
  2247 | Sewer    | Reached skill level 5 in Unarmed Combat
  2555 | D:3      | Found a sacrificial altar of Ru.
  2744 | D:3      | Found an ancient bone altar of Kikubaaqudgha.
  2856 | D:3      | Found a broken altar of Ashenzari.
  2976 | D:4      | Found a bloodstained altar of Trog.
  3009 | D:4      | Reached skill level 5 in Shapeshifting
  3217 | D:4      | Found Quiloma's Weapon Shop.
  3272 | D:4      | Your scales start taking on a dull iron-grey colour.
  3272 | D:4      | Reached XP level 7. HP: 55/55 MP: 7/7
  3358 | D:4      | Found a blossoming altar of Fedhas.
  3417 | D:4      | Noticed Ijyb
  3473 | D:4      | Killed Ijyb
  3697 | D:5      | Entered Level 5 of the Dungeon
  3722 | D:5      | Reached skill level 6 in Unarmed Combat
  3824 | D:5      | Noticed Duvessa
  3838 | D:5      | Killed Duvessa
  3840 | D:5      | Noticed Dowan
  3924 | D:5      | Killed Dowan
  4227 | D:5      | Reached *** piety under Wu Jian
  4606 | D:6      | Noticed Pikel
  4633 | D:6      | Killed Pikel
  4634 | D:6      | Reached skill level 7 in Unarmed Combat
  4634 | D:6      | Reached XP level 8. HP: 24/61 MP: 8/8
  4773 | D:6      | Noticed Maggie
  4784 | D:6      | Killed Maggie
  4785 | D:6      | Reached skill level 8 in Unarmed Combat
  5128 | D:6      | Reached XP level 9. HP: 70/70 MP: 9/9
  5507 | D:7      | Reached skill level 9 in Unarmed Combat
  5815 | D:7      | Found a staircase to the Ecumenical Temple.
  5832 | D:7      | Reached skill level 5 in Fighting
  5875 | D:7      | Found an ornate altar of the Wu Jian Council.
  5876 | D:7      | Found a sparkling altar of Nemelex Xobeh.
  5876 | D:7      | Found a shimmering blue altar of Sif Muna.
  5960 | D:7      | Found Uttib's Weapon Emporium.
  6138 | D:7      | Noticed a boulder beetle
  6165 | D:7      | Killed a boulder beetle
  6165 | D:7      | Reached **** piety under Wu Jian
  6166 | D:7      | Reached skill level 10 in Unarmed Combat
  6558 | D:7      | Noticed Prince Ribbit
  6576 | D:7      | Killed Prince Ribbit
  6707 | D:8      | Reached XP level 10. HP: 86/86 MP: 10/10
  6809 | D:8      | Noticed Erica
  6826 | D:8      | Killed Erica
  6968 | D:8      | Found a staircase to the Lair.
  7005 | D:8      | Found Kezxedda's Armour Emporium.
  7015 | D:8      | Reached skill level 11 in Unarmed Combat
  8190 | D:9      | Found a hide-covered altar of Uskayaw.
  8383 | D:9      | Reached skill level 12 in Unarmed Combat
  8542 | D:9      | Reached skill level 10 in Fighting
  8609 | D:9      | Found Zesaer's Tremendous Tomes.
  8781 | D:9      | Found a runed translucent door.
  8782 | D:9      | Found a shimmering altar of Xom.
  8782 | D:9      | Noticed MadMike78's ghost (journeyman CoHu)
  8782 | D:9      | Noticed a +1 halberd of chaos
  8939 | D:10     | Entered Level 10 of the Dungeon
  8955 | D:10     | Reached XP level 11. HP: 84/99 MP: 11/11
  8955 | D:10     | Noticed Fannar
  9493 | D:10     | Killed Fannar
  9561 | D:10     | Reached skill level 13 in Unarmed Combat
  9592 | D:10     | Found a runed translucent door.
  9599 | D:10     | Identified the +5 trident "Beastslayer" {venom, rElec Will+
                  | Str+4}
  9599 | D:10     | Noticed jestert79's ghost (journeyman CoAr)
  9857 | D:10     | Found a stormy altar of Qazlal.
  9995 | D:11     | Noticed a two-headed ogre
 10008 | D:11     | Killed a two-headed ogre
 10009 | D:11     | Reached skill level 5 in Dodging
 10684 | D:11     | Reached ***** piety under Wu Jian
 10825 | D:11     | Reached skill level 14 in Unarmed Combat
 10892 | D:11     | Noticed Josephine
 10899 | D:11     | Killed Josephine
 10905 | D:11     | Reached XP level 12. HP: 79/106 MP: 12/12
 11143 | D:11     | Noticed Psyche
 11149 | D:11     | Killed Psyche
 11248 | Lair:1   | Entered Level 1 of the Lair of Beasts
 12100 | Lair:1   | Reached skill level 15 in Unarmed Combat
 13084 | Lair:2   | Noticed Gastronok
 13619 | Lair:2   | Killed Gastronok
 13714 | Lair:2   | Reached XP level 13. HP: 65/113 MP: 13/13
 13870 | Lair:2   | Reached skill level 10 in Dodging
 13995 | Lair:2   | Found a staircase to the Snake Pit.
 14254 | Lair:2   | Reached skill level 16 in Unarmed Combat
 14973 | D:2      | Upgraded the game from 0.32-a0-675-gdc239d62e1 to
                  | 0.32-a0-685-g93135e86f0
 16126 | Lair:3   | Found a staircase to the Swamp.
 16569 | Lair:4   | Found a bloodstained altar of Trog.
 16583 | Lair:4   | Reached skill level 10 in Shapeshifting
 17217 | Lair:5   | Entered Level 5 of the Lair of Beasts
 17294 | Lair:5   | Reached skill level 17 in Unarmed Combat
 17324 | Lair:5   | Noticed Urug
 17339 | Lair:5   | Killed Urug
 17389 | Lair:5   | Reached XP level 14. HP: 122/122 MP: 14/14
 18143 | Lair:5   | Found a staircase to the Slime Pits.
 18167 | Lair:5   | Found a viscous altar of Jiyva.
 18289 | Lair:5   | Reached ****** piety under Wu Jian
 18608 | Lair:5   | Reached skill level 18 in Unarmed Combat
 18878 | Lair:5   | Identified the +3 ring mail of Anarchy {rPois Regen+ Dex-4
                  | SInv}
 19422 | D:12     | Found a runed translucent door.
 19516 | D:12     | Found a staircase to the Orcish Mines.
 19639 | D:12     | Found a runed translucent door.
 19642 | D:12     | Found a runed translucent door.
 19642 | D:12     | Found the +5 Storm Queen's Shield {shock, Fly rElec}
 19961 | D:12     | Found a runed translucent door.
 19998 | D:12     | Noticed a storm dragon
 20386 | Orc:1    | Entered Level 1 of the Orcish Mines
 20534 | Orc:2    | Entered Level 2 of the Orcish Mines
 20534 | Orc:2    | Found Saenefae's Assorted Antiques.
 20535 | Orc:2    | Found a staircase to the Elven Halls.
 20763 | Orc:1    | Gained mutation: You occasionally shout uncontrollably at
                  | your foes. [a neqoxec]
 20775 | Orc:1    | Reached XP level 15. HP: 95/134 MP: 13/15
 20944 | Orc:1    | Lost mutation: You occasionally shout uncontrollably at
                  | your foes. [potion of mutation]
 20944 | Orc:1    | Gained mutation: You are agile. (Dex +4, Str/Int -1)
                  | [potion of mutation]
 20944 | Orc:1    | Gained mutation: You expend magic power (3 MP) to
                  | strengthen your wands. [potion of mutation]
 20956 | Orc:2    | Noticed Azrael
 20965 | Orc:2    | Killed Azrael
 21568 | Orc:2    | Found Qihaosoamp's General Store.
 21568 | Orc:2    | Found Kacuadgh's Book Shop.
 21569 | Orc:2    | Found Rusyrem's Antique Armour Shop.
 21569 | Orc:2    | Found Ameux's Antique Weapon Boutique.
 21588 | Orc:2    | Bought a potion of curing for 33 gold pieces
 21588 | Orc:2    | Bought a potion of heal wounds for 55 gold pieces
 22970 | D:14     | Found the amulet of Vitality {Regen++ RegenMP++}
 23058 | D:14     | Found a gate to the Vaults.
 23267 | D:14     | Found an opulent altar of Gozag.
 23355 | D:14     | Found a glowing silver altar of Zin.
 23566 | D:15     | Entered Level 15 of the Dungeon
 23568 | D:15     | Identified a scroll of acquirement
 23568 | D:15     | Acquired 877 gold pieces
 23584 | D:15     | Reached skill level 19 in Unarmed Combat
 23999 | D:15     | Found a staircase to the Depths.
 24548 | Swamp:1  | Entered Level 1 of the Swamp
 24855 | Swamp:1  | Reached XP level 16. HP: 147/147 MP: 16/16
 25409 | Swamp:2  | Reached skill level 15 in Fighting
 25894 | Swamp:3  | Noticed Jorgrun
 25907 | Swamp:3  | Killed Jorgrun
 26012 | Swamp:3  | Identified the +3 broad axe of Thoughtfulness {antimagic,
                  | rC+ SInv}
 26261 | Swamp:4  | Entered Level 4 of the Swamp
 26501 | Swamp:4  | Reached skill level 20 in Unarmed Combat
 26833 | Swamp:4  | Reached XP level 17. HP: 51/159 MP: 17/17
 27140 | Swamp:4  | Got a decaying rune of Zot
 27338 | Snake:1  | Entered Level 1 of the Snake Pit
 27423 | Snake:1  | Noticed Agnes
 27432 | Snake:1  | Killed Agnes
 28809 | Snake:2  | Reached skill level 15 in Shapeshifting
 29243 | Snake:3  | Found a runed translucent gate.
 29243 | Snake:3  | Found a runed translucent gate.
 29243 | Snake:3  | Found a runed translucent gate.
 29244 | Snake:3  | Found an opulent altar of Gozag.
 29244 | Snake:3  | Noticed jasper's ghost (adept DsCA)
 29247 | Snake:3  | Found Hisch's Assorted Antiques.
 29748 | Snake:3  | Found Wetevupt's Jewellery Shoppe.
 29758 | Snake:3  | Bought a ring of poison resistance for 280 gold pieces
 29758 | Snake:3  | Bought a talisman of death for 1120 gold pieces
 30142 | Snake:3  | Identified the serpent talisman of Midsummer {Fly Int-3
                  | Slay+3 SInv}
 30142 | Snake:3  | Noticed Aizul
 30148 | Snake:3  | Killed Aizul
 30653 | Snake:4  | Entered Level 4 of the Snake Pit
 30733 | Snake:4  | Identified the +8 quarterstaff of the Thirsty Visions
                  | {venom, rPois Str+3 Stlth+}
 31131 | Snake:4  | Reached XP level 18. HP: 168/168 MP: 18/18
 31682 | Snake:4  | Noticed Bai Suzhen
 31724 | Snake:4  | Killed Bai Suzhen
 31949 | Snake:4  | Noticed Vashnia
 31956 | Snake:4  | Found an iron altar of Okawaru.
 31962 | Snake:4  | Killed Vashnia
 31963 | Snake:4  | Reached skill level 21 in Unarmed Combat
 32053 | Snake:4  | Got a serpentine rune of Zot
 32116 | Snake:4  | Identified the +5 arbalest "Jecasoot" {heavy, rElec rF+
                  | Int+4 Stlth+}
 32573 | Vaults:1 | Entered Level 1 of the Vaults
 33289 | Vaults:1 | Reached XP level 19. HP: 179/179 MP: 19/19
 34269 | Vaults:2 | You are sucked into a shaft and drop 2 floors!
 34599 | Vaults:4 | Reached skill level 22 in Unarmed Combat
 35382 | Vaults:4 | Found a transporter.
 35404 | Vaults:4 | Noticed Plog's ghost (veteran CoAr)
 35698 | Vaults:2 | Reached skill level 15 in Dodging
 35876 | Vaults:2 | Reached XP level 20. HP: 162/187 MP: 20/20
 36333 | Vaults:2 | Found Poont's Armour Shop.
 36874 | Vaults:3 | Found a staircase to the Crypt.
 37543 | Vaults:3 | Reached skill level 23 in Unarmed Combat
 37962 | Elf:1    | Entered Level 1 of the Elven Halls
 38021 | Elf:1    | Identified the +0 falchion of Distraction {flame, rElec
                  | rF+}
 38025 | Elf:1    | Reached skill level 1 in Stealth
 38025 | Elf:1    | Reached skill level 1 in Evocations
 38064 | Elf:1    | Paralysed by an air elemental for 1 turns
 38182 | Elf:1    | You are sucked into a shaft and drop 1 floor!
 38336 | Elf:2    | Found a huge runed translucent gate.
 38337 | Elf:2    | Found a huge runed translucent gate.
 38339 | Elf:2    | Found a huge runed translucent gate.
 38340 | Elf:2    | Found a huge runed translucent gate.
 38341 | Elf:2    | Found a huge runed translucent gate.
 38417 | Elf:2    | Reached skill level 5 in Stealth
 38417 | Elf:2    | Reached skill level 5 in Evocations
 38460 | Elf:2    | Identified the blade talisman of the Lich-sworn {Int+6}
 38665 | Elf:2    | Reached XP level 21. HP: 194/194 MP: 21/21
 38679 | Elf:2    | Noticed Roxanne
 38687 | Elf:2    | Killed Roxanne
 38720 | Elf:2    | Noticed Norris
 38730 | Elf:2    | Killed Norris
 39566 | Elf:1    | Found a stormy altar of Qazlal.
 40147 | Elf:3    | Entered Level 3 of the Elven Halls
 40261 | Elf:3    | Found the +11 plutonium sword {^Contam Stlth-}
 40299 | Elf:3    | Identified the ring of the Duchess {rF+ rN+}
 40421 | Elf:3    | Found Ceowoam's Antique Weapon Shop.
 40846 | Elf:3    | Identified the ring "Kifus" {+Blink rC+ Int+2 Dex+3}
 40878 | Elf:3    | Identified the +6 halberd "Uryitell" {venom, ^Drain rPois
                  | Will++ rCorr}
 40891 | Elf:3    | Identified the staff of Sairan {rF- rC+ rCorr Str+4 Int+2
                  | Ice}
 40904 | Abyss:2  | Cast into level 2 of the Abyss (a deep elf sorcerer)
 40996 | Elf:3    | Escaped the Abyss
 41005 | Elf:3    | Identified the +2 battleaxe "Resealan" {elec, +Blink rN+}
 41005 | Elf:3    | Identified the amulet of Lokok {Acrobat Int+3}
 41006 | Elf:3    | Identified the +1 flail "Weasmuv" {antimagic, ^Drain rPois
                  | Str+4 Int+2}
 41168 | Elf:3    | Identified the +0 chain mail of Dypyul {rF+ Dex+2}
 41381 | Elf:3    | Identified the +9 quarterstaff of the Beast {heavy, *Slow
                  | rC++ rCorr Dex+2}
 41526 | Elf:3    | Identified the amulet of Fuost {RegenMP+ Int+4}
 41535 | Elf:3    | Identified the +7 scale mail of the Distant Future {rF+}
 41540 | Elf:3    | Got the Volume of Bruises and the Graveyard
 41545 | Elf:3    | Identified the staff of Rubbish {rC- rN+ Int+6 Stlth+
                  | Necro}
 41549 | Elf:3    | Identified the maw talisman "Xink" {rPois Int-4 Dex+4}
 41570 | Elf:3    | Got the Annotations on the Amassed Tempest
 41588 | Elf:3    | Identified the +1 war axe of the Toadstool {venom, rPois}
 41983 | Depths:1 | Entered Level 1 of the Depths
 42025 | Depths:1 | Found a gateway to Hell.
 42275 | Depths:1 | Found a transporter.
 42418 | Depths:1 | Found a magical portal.
 42465 | WizLab   | Entered Lehudib's Moon Base
 42517 | WizLab   | Found a transporter.
 42769 | WizLab   | Reached XP level 22. HP: 204/204 MP: 22/22
 43007 | WizLab   | Found a transporter.
 43055 | WizLab   | Lost mutation: You are agile. (Dex +4, Str/Int -1) [a
                  | neqoxec]
 43427 | WizLab   | Identified the ring "Soinugg" {rC+ rN+ SInv}
 43468 | WizLab   | Got Lehudib's Monograph on Isometric Terrain
 43689 | Depths:1 | Found Zunin's Self-Published Books.
 43866 | Depths:1 | Found a one-way gate leading to the halls of Pandemonium.
 44060 | Depths:2 | Found a shimmering altar of Xom.
 44189 | Depths:2 | Found an ornate altar of the Wu Jian Council.
 44318 | Depths:2 | Found a corrupted altar of Lugonu.
 44319 | Depths:2 | Found a one-way gate to the infinite horrors of the Abyss.
 44337 | Depths:2 | Found Betun's Demolitions Depot.
 44406 | Depths:2 | Identified the +3 morningstar "Killer Klown's Regret"
                  | {vamp, rPois Will+}
 44698 | Depths:2 | Reached skill level 24 in Unarmed Combat
 45040 | Depths:2 | Gained mutation: You occasionally lose the ability to read
                  | scrolls when taking damage. [a shining eye]
 45167 | Depths:2 | Lost mutation: You occasionally lose the ability to read
                  | scrolls when taking damage. [potion of mutation]
 45167 | Depths:2 | Lost mutation: You expend magic power (3 MP) to strengthen
                  | your wands. [potion of mutation]
 45167 | Depths:2 | Gained mutation: You possess an exceptional clarity of
                  | mind. [potion of mutation]
 45167 | Depths:2 | Gained mutation: You have large cloven feet. [potion of
                  | mutation]
 45167 | Depths:2 | Gained mutation: You have a pair of small horns on your
                  | head. [potion of mutation]
 45582 | Depths:3 | Found a one-way gateway to a ziggurat.
 45707 | Depths:3 | Noticed Vv
 45715 | Depths:3 | Killed Vv
 45937 | Depths:3 | Noticed a golden dragon
 46155 | Depths:3 | You are sucked into a shaft and drop 1 floor!
 46155 | Depths:4 | Entered Level 4 of the Depths
 46155 | Depths:4 | Noticed an ancient lich
 46155 | Depths:4 | Noticed a golden dragon
 46156 | Depths:4 | Found a portal to a secret trove of treasure.
 46156 | Depths:4 | Found a runed translucent door.
 46164 | Depths:4 | Reached XP level 23. HP: 217/217 MP: 23/23
 46341 | Depths:4 | Found a hide-covered altar of Uskayaw.
 46416 | Depths:4 | Found Xihi's Weapon Boutique.
 46683 | Depths:4 | Noticed a caustic shrike
 46683 | Depths:4 | Noticed a caustic shrike
 46683 | Depths:4 | Noticed a caustic shrike
 46691 | Depths:3 | Killed a caustic shrike
 46738 | Depths:3 | Killed a caustic shrike
 46761 | Depths:4 | Killed a caustic shrike
 46865 | Depths:4 | Identified the +2 robe of Forking Paths {Dex+3 Slay+2}
 46865 | Depths:4 | Noticed Boris
 46870 | Depths:4 | Killed Boris
 47437 | Depths:4 | Reached skill level 25 in Unarmed Combat
 47677 | Depths:4 | Found a gate to the Realm of Zot.
 47889 | Depths:4 | Killed an ancient lich
 48016 | Depths:3 | Voluntarily entered the Abyss.
 48016 | Abyss:3  | Found a corrupted altar of Lugonu.
 48229 | Abyss:3  | Found a corrupted altar of Lugonu.
 48330 | Abyss:3  | Gained mutation: You are clumsy. (Dex -2) [a shining eye]
 48333 | Abyss:3  | Got an abyssal rune of Zot
 48344 | Depths:3 | Escaped the Abyss
 48464 | Zot:1    | Entered Level 1 of the Realm of Zot
 48539 | Zot:1    | Noticed Parghit
 48563 | Zot:1    | Killed Parghit
 48628 | Zot:1    | Noticed an orb of fire
 48628 | Zot:1    | Gained mutation: You do not regenerate when monsters are
                  | visible. [an orb of fire]
 48634 | Zot:1    | Killed an orb of fire
 49010 | Zot:1    | Reached XP level 24. HP: 228/228 MP: 23/23
 51433 | Zot:3    | Got the Discursus on the Mighty Ground
 51557 | Zot:4    | Identified the +2 double sword of Sonud {venom, rPois rF++}
 51679 | Zot:4    | Reached skill level 10 in Evocations
 51985 | Zot:4    | Identified the +1 mace of Neajil {holy, rPois Dex+4}
 52178 | Zot:4    | Reached XP level 25. HP: 223/237 MP: 23/23
 52518 | Zot:5    | Entered Level 5 of the Realm of Zot
 52954 | Zot:5    | Lost mutation: You possess an exceptional clarity of mind.
                  | [potion of mutation]
 52954 | Zot:5    | Lost mutation: You are clumsy. (Dex -2) [potion of
                  | mutation]
 52954 | Zot:5    | Gained mutation: Your muscles are strong. (Str +4, Int/Dex
                  | -1) [potion of mutation]
 52954 | Zot:5    | Lost mutation: You have large cloven feet. [potion of
                  | mutation]
 52954 | Zot:5    | Gained mutation: Your tail ends in a venomous barb. [potion
                  | of mutation]
 52955 | Zot:5    | Lost mutation: Your muscles are strong. (Str +4, Int/Dex
                  | -1) [potion of mutation]
 52955 | Zot:5    | Lost mutation: Your tail ends in a venomous barb. [potion
                  | of mutation]
 52955 | Zot:5    | Gained mutation: You have hidden genetic defects. [potion
                  | of mutation]
 52955 | Zot:5    | Gained mutation: Your health recovers twice as slowly from
                  | being drained. [potion of mutation]
 52955 | Zot:5    | Gained mutation: You are occasionally teleported next to
                  | monsters. [potion of mutation]
 52955 | Zot:5    | Gained mutation: Your large and strong wings let you fly.
                  | [potion of mutation]
 52956 | Zot:5    | Lost mutation: You have hidden genetic defects. [potion of
                  | mutation]
 52956 | Zot:5    | Lost mutation: You are occasionally teleported next to
                  | monsters. [potion of mutation]
 52956 | Zot:5    | Lost mutation: You do not regenerate when monsters are
                  | visible. [potion of mutation]
 52956 | Zot:5    | Gained mutation: You are weak. (Str -2) [potion of
                  | mutation]
 52956 | Zot:5    | Gained mutation: You possess an exceptional clarity of
                  | mind. [potion of mutation]
 52971 | Zot:5    | Noticed a dread lich
 52991 | Zot:5    | Paralysed by a dread lich for 3 turns
 53001 | Zot:5    | Killed a dread lich
 53034 | Zot:5    | Noticed an orb of fire
 53088 | Zot:5    | Noticed a Killer Klown
 53105 | Zot:5    | Killed a Killer Klown
 53131 | Zot:5    | Noticed a Killer Klown
 53142 | Zot:5    | Killed a Killer Klown
 53149 | Zot:5    | Noticed a Killer Klown
 53160 | Zot:5    | Killed a Killer Klown
 53161 | Zot:5    | Noticed a Killer Klown
 53192 | Zot:5    | Killed a Killer Klown
 53322 | Zot:5    | Noticed a dread lich
 53340 | Zot:5    | Killed a dread lich
 53343 | Zot:5    | Gained mutation: You have hidden genetic defects. [an orb
                  | of fire]
 53344 | Zot:5    | Killed an orb of fire
 53364 | Zot:5    | Noticed an ancient lich
 53369 | Zot:5    | Noticed a Killer Klown
 53375 | Zot:5    | Killed an ancient lich
 53377 | Zot:5    | Killed a Killer Klown
 53524 | Zot:5    | Noticed a Killer Klown
 53524 | Zot:5    | Noticed a Killer Klown
 53538 | Zot:5    | Noticed a Killer Klown
 53539 | Zot:5    | Killed a Killer Klown
 53544 | Zot:5    | Killed a Killer Klown
 53545 | Zot:5    | Noticed a Killer Klown
 53548 | Zot:5    | Killed a Killer Klown
 53550 | Zot:5    | Noticed a dread lich
 53567 | Zot:5    | Killed a dread lich
 53571 | Zot:5    | Killed a Killer Klown
 53690 | Zot:5    | Noticed an orb of fire
 53695 | Zot:5    | Noticed an orb of fire
 53698 | Zot:5    | Killed an orb of fire
 53698 | Zot:5    | Killed an orb of fire
 53701 | Zot:5    | Reached skill level 26 in Unarmed Combat
 53708 | Zot:5    | Gained mutation: You are very weak. (Str -4) [hidden
                  | defects]
 53774 | Zot:5    | Noticed an orb of fire
 53779 | Zot:5    | Killed an orb of fire
 53818 | Zot:5    | Noticed a dread lich
 53823 | Zot:5    | Paralysed by a dread lich for 4 turns
 53827 | Zot:5    | Killed a dread lich
 54053 | Zot:5    | Got the Orb of Zot
 54192 | Depths:4 | Noticed Xuuh the pandemonium lord
 54512 | D:8      | Noticed Woxejiuj the pandemonium lord
 54716 | D:$      | Escaped with the Orb!

Illustrated notes

Levels and vault maps discovered:
D:1:      tarquinn_simple_flora_water_b, layout_basic, chequers_jeans,
          minmay_misc_feat_tower
D:2:      layout_loops_ring, basic_altar, minmay_pentomino_o2, uniq_robin
D:3:      layout_loops_ring, cheibrodos_ashenzari_chains,
          nicolae_ru_path_of_blood, mainiacjoe_overflow_catch_the_wave,
          gup_sewer_entry_bubbles, serial_aquarium, aquarium_bridge_long_joined
          [aquarium_subvault_wall, aquarium_subvault_window,
          aquarium_subvault_bridge, aquarium_subvault_balcony,
          aquarium_subvault_bridge, aquarium_subvault_window],
          aquarium_window_corner, aquarium_window_corridor_2, aquarium_window_1,
          aquarium_view_2d, aquarium_balcony_1b, aquarium_pool_2,
          nicolae_elevator_lobby_asterisk, uniq_jessica
D:4:      layout_cave_pools, bloody_trog, mainiacjoe_overflow_tiny_flanked,
          serial_shops, nicolae_shop_tiny_glass, uniq_ijyb
D:5:      layout_basic, uniq_duvessa
D:6:      layout_loops_ring, amcnicky_mini_corridor_feature, uniq_maggie,
          uniq_pikel
D:7:      layout_basic, chequers_temple_overflow_statue_of_worship,
          temple_pool_b, serial_shops, nicolae_shop_window_shopping,
          minmay_misc_feat_alley, uniq_prince_ribbit1
D:8:      layout_basic, lair_entry_dummy, serial_shops, shop, uniq_erica
D:9:      layout_basic, mainiacjoe_overflow_alcove_1, ebering_ghost_xom,
          minmay_misc_feat_enclosed, nicolae_shop_i_like_big_books,
          nrook_mini_backslash
D:10:     layout_rooms, mainiacjoe_overflow_alcove_2,
          ebering_ghost_funeral_grove, uniq_fannar
D:11:     layout_gridville, uniq_psyche, uniq_josephine
D:12:     layout_small_grid, minmay_orc_entry_guard_dogs,
          nicolae_guarded_unrand_storm_shield
D:13:     layout_irregular_city
D:14:     layout_basic, grunt_vaults_entry_tiered, lemuel_tele_altar,
          grunt_gozag_statues
D:15:     hangedman_depths_entry_try_elsewhere_first, layout_basic
Lair:1:   layout_gridlike, special_room [special_room_bee]
Lair:2:   layout_gridlike, nicolae_snake_entry_squirm, grunt_megastairs_1,
          serial_bayou_shore_b, serial_bayou_shore_a, lemuel_fruit_tree,
          uniq_gastronok
Lair:3:   layout_long_grid, palyth_hydra_swamp_entry
Lair:4:   layout_roguey, basic_altar, chequers_serial_rivers_small_b
Lair:5:   hangedman_lair_in_review, layout_regular_city,
          hangedman_lair_tendril_chambers, nicolae_slime_entry_slimehenge,
          nicolae_lair_yak_garden, uniq_urug
Swamp:1:  layout_basic_swamp, serial_swamp_ruin, evilmike_swamp_ruin_rubble_2,
          evilmike_swamp_ruin_house_2, swamp_pool_5, hangedman_swamp_cone
Swamp:2:  layout_basic_swamp, evilmike_swamp_ruin_house_5
Swamp:3:  layout_falls_marsh, nicolae_swamp_little_tower,
          nzn_swamp_dancing_lights, uniq_jorgrun
Swamp:4:  swamp_vile, layout_basic_swamp, evilmike_swamp_ruin_rubble_1,
          swamp_pool_3, infiniplex_staircase_pool
Snake:1:  layout_grid_maze, nicolae_snake_the_dead_are_slithering, uniq_agnes
Snake:2:  layout_onion
Snake:3:  layout_layer_cave, ebering_ghost_gozag, serial_shops, shop,
          nicolae_snake_flat_spine, uniq_aizul
Snake:4:  grunt_snake_rune_serpentine_throne, layout_cave_town,
          nicolae_snake_salamander_fort, uniq_bai_suzhen
Orc:1:    layout_caves
Orc:2:    st_orc_congregation, layout_diamond_mine, serial_shops,
          nicolae_shop_hallway_stairs, uniq_azrael
Elf:1:    minmay_the_grid_plus_closed [minmay_the_grid_empty,
          minmay_the_grid_fan, minmay_the_grid_rooms, minmay_the_grid_mess,
          minmay_the_grid_prize_big_room], layout_gridlike,
          nicolae_elf_altarnating
Elf:2:    elven_hall_of_blades_hangedman_alternative [nicolae_blade_lattice],
          layout_onion_city, eino_tiny_chamber, uniq_norris, uniq_roxanne
Elf:3:    elf_hall, layout_gridlike, serial_shops, shop,
          minmay_checkered_concentric_circles
Vaults:1: nicolae_vaults_closet_pinwheel_6, ontoclasm_vaults_shout,
          vaults_mumra_lcd, nicolae_vaults_cochlea,
          nicolae_vaults_offset_grid_hallway_1, ontoclasm_vaults_ring_small,
          vaults_room_octagon, nicolae_vaults_circle_grid_a, v_misc_29,
          ontoclasm_vaults_gateway, nicolae_vaults_asterisk, v_misc_5,
          lightli_orcish_oven, nicolae_vaults_closet_pinwheel_2,
          layout_vaults_omnibox
Vaults:2: nicolae_vaults_meeting, v_misc_15, v_misc_24,
          nicolae_vaults_network_star, hangedman_vaults_trim,
          nicolae_vaults_angled_halls, nicolae_vaults_variable_pillar_hall,
          nicolae_vaults_trapezoid_4, nicolae_vaults_little_squares_4,
          v_misc_33, nicolae_vaults_taking_the_gang_shopping,
          nicolae_vaults_wine_cellar, nicolae_vaults_tetromino_T_1,
          grunt_vaults_hallway_short, layout_vaults_omnicross
Vaults:3: hangedman_vaults_impose, nicolae_vaults_network_quinsquares
          [nicolae_vaults_network_quincunx_subvault,
          nicolae_vaults_network_quincunx_subvault,
          nicolae_vaults_network_quincunx_subvault,
          nicolae_vaults_network_quincunx_subvault],
          minmay_crypt_entry_skeletal_spiral, nicolae_vaults_six-pack,
          v_rooms_1, nicolae_vaults_offset_grid_hallway_1,
          nicolae_vaults_trapezoid_2, v_misc_23, nicolae_vaults_stepped_doors,
          grunt_vaults_twisty, hangedman_vaults_corner_blocks,
          nicolae_vaults_trapezoid_2, nicolae_vaults_yaktaur_gun_rack,
          layout_vaults_ring
Vaults:4: gammafunk_ghost_mausoleum, vaults_dpeg_ring,
          nicolae_vaults_shelves_hall, nicolae_vaults_what_the_h,
          nicolae_vaults_hallways_thing, ontoclasm_vaults_ring_square, st_lines,
          nicolae_vaults_wrenched, v_misc_3, vaults_room_fours,
          nicolae_vaults_mini_display_case, vaults_room_semicircle,
          nicolae_vaults_little_squares_6, layout_vaults_chaotic_city
Depths:1: layout_honeycomb, pan_entry, infiniplex_enter_wizlab_glasses,
          hangedman_coc_ice_floe, wad_floor_pattern_2, nicolae_two_hexagons,
          nicolae_custom_books, nicolae_diode_basic
Depths:2: minmay_triangles_in_corner, layout_gridlike,
          regret_index_xom_buried_treasure, hell_entry, abyss_entry_flame_altar,
          grunt_pan_entry_zigzag, serial_library_hellmonk_layered_room,
          nicolae_blasting_shop, nzn_wu_jian_council_hall,
          infiniplex_staircase_x, grunt_megastairs_3
Depths:3: hangedman_cross_stitches, layout_basic, enter_ziggurat_f,
          roderic_lattice_a, nicolae_abyss_entry_one_way_or_another, pan_entry,
          hell_entry, grunt_tough_drop, infiniplex_staircase_door_maze,
          uniq_josephina, uniq_vv
Depths:4: grunt_zot_entry_pinwheel, layout_gridlike, serial_shops,
          nicolae_shop_tiny_real_fake_doors, grunt_pan_entry_in_and_out,
          hell_entry, trove_entry_hex_spiral, serial_sigils_hangedman_confine,
          serial_bayou_ford_a, minmay_st_funbox, nicolae_uskayaw_dance_hall,
          uniq_boris
Zot:1:    layout_cathedral_of_symmetry, regret_index_zotdec_zees, uniq_parghit
Zot:2:    layout_gridlike
Zot:3:    layout_twisted_circle, regret_index_zotdec_icy_dp
Zot:4:    layout_basic, nicolae_rock_paper_scissors
Zot:5:    layout_gridlike

Skill      XL: |  1  2  3  4  5  6  7  8  9 10 11 12 13 14 15 16 17 18 19 20 21 22 23 24 25 |
---------------+----------------------------------------------------------------------------+-----
Dodging        | 2 7 9 10 12 13 15 16 17 | 17.6
Fighting       | 2 3 7 10 12 14 16 18 20 21 22 | 22.8
Unarmed Combat | 4 5 7 8 10 12 14 15 17 18 19 20 21 22 23 24 25 26 | 26.1
Shapeshifting  | 4 5 7 8 10 11 13 16 17 18 19 20 21 23 24 | 24.0
Stealth        | 5 8 |  8.0
Evocations     | 5 9 10 12 | 12.2

Action                     |  1- 3 |  4- 6 |  7- 9 | 10-12 | 13-15 | 16-18 | 19-21 | 22-24 | 25-27 || total
---------------------------+-------+-------+-------+-------+-------+-------+-------+-------+-------++-------
  Melee: Unarmed           |   133 |   292 |   300 |   834 |  1401 |  1252 |  1151 |  1288 |   361 ||  7012
         Tailslap          |    14 |    21 |    54 |   134 |   244 |   203 |   192 |   168 |    13 ||  1043
         Punch             |     1 |     5 |     2 |       |   116 |   166 |   156 |   183 |    76 ||   705
         Maw               |       |       |       |       |   259 |   161 |       |       |       ||   420
         Bite              |       |       |       |       |       |    51 |   160 |   145 |       ||   356
         Constrict         |       |       |       |       |       |    17 |       |       |       ||    17
         Headbutt          |       |       |       |       |       |       |       |     5 |    16 ||    21
 Invoke: Serpent's Lash    |       |       |     1 |     9 |    16 |    13 |     9 |    12 |     5 ||    65
         Heavenly Storm    |       |       |       |       |     1 |       |       |       |       ||     1
Ability: Lunge             |     1 |    27 |    20 |    42 |   116 |   139 |   186 |   148 |    31 ||   710
         Whirlwind         |       |    61 |    34 |   367 |   550 |   444 |   332 |   429 |    89 ||  2306
         Mud Breath        |       |       |       |     1 |       |     2 |       |     2 |       ||     5
    Use: Scroll            |       |       |       |     1 |    29 |     4 |     2 |     7 |     2 ||    45
         Potion            |       |       |       |       |     1 |     3 |       |     4 |     6 ||    14
   Stab: Sleeping          |     1 |     4 |     1 |       |       |     2 |    15 |    20 |     1 ||    44
         Petrified         |       |       |       |       |    11 |       |       |       |       ||    11
         Petrifying        |       |       |       |       |     2 |       |       |       |       ||     2
         Distracted        |       |       |       |       |     1 |       |     2 |     6 |       ||     9
 Armour: Skin              |    62 |   156 |   174 |   368 |   478 |   705 |   423 |   604 |    97 ||  3067
  Dodge: Dodged            |    71 |   154 |   243 |   474 |   680 |   591 |   461 |   514 |   216 ||  3404
   Form: Flux              |       |       |     1 |       |       |       |       |       |       ||     1
         Maw               |       |       |       |       |     1 |     1 |       |       |       ||     2
         Blade             |       |       |       |       |     1 |     1 |       |       |       ||     2
         Dragon            |       |       |       |       |       |     2 |       |       |       ||     2
         Serpent           |       |       |       |       |       |     1 |       |       |       ||     1
         Storm             |       |       |       |       |       |       |       |     2 |       ||     2
         Death             |       |       |       |       |       |       |       |     1 |     1 ||     2

Table legend: (Time is in decaauts)
 A = Elapsed time spent in this place.
 B = Non-inter-level travel time spent in this place.
 C = Inter-level travel time spent in this place.
 D = Time resting spent in this place.
 E = Time spent auto-exploring this place.
 F = Levels seen in this place.
 G = Mean time per level.
                   A        B        C        D        E       F      G
               +--------+--------+--------+--------+--------+-----+--------+
         Total |  54115 |  49585 |   4530 |   5005 |  29442 |  51 | 1061.1 |
       Dungeon |  16018 |  13783 |   2235 |   1279 |   9875 |  15 | 1067.9 |
          Lair |   7620 |   6802 |    818 |   1032 |   4348 |   5 | 1524.0 |
         Swamp |   2561 |   2352 |    209 |     35 |   1344 |   4 |  640.2 |
     Snake Pit |   4908 |   4683 |    225 |    477 |   2860 |   4 | 1227.0 |
  Orcish Mines |   1384 |   1310 |     74 |    152 |    749 |   2 |  692.0 |
   Elven Halls |   3705 |   3441 |    264 |    162 |   2267 |   3 | 1235.0 |
        Vaults |   5162 |   4940 |    222 |    176 |   3263 |   4 | 1290.5 |
        Depths |   5113 |   4911 |    202 |    631 |   2729 |   4 | 1278.2 |
           Zot |   5639 |   5361 |    278 |    794 |   1856 |   5 | 1127.8 |
         Abyss |    392 |    392 |      0 |      0 |     43 |   3 |  130.7 |
         Sewer |    603 |    603 |      0 |    240 |      0 |   1 |  603.0 |
        Wizlab |   1005 |   1005 |      0 |     27 |    108 |   1 | 1005.0 |
               +--------+--------+--------+--------+--------+-----+--------+

Top non-repeatable levels by time:
     D:9: 1965 daAuts
  Lair:5: 1934 daAuts
  Lair:2: 1864 daAuts
  Lair:1: 1832 daAuts
   Zot:5: 1527 daAuts
Depths:4: 1524 daAuts
Depths:2: 1497 daAuts
 Snake:3: 1486 daAuts
   Elf:3: 1482 daAuts
 Snake:4: 1465 daAuts
Vaults:1: 1369 daAuts
     D:7: 1316 daAuts
Vaults:2: 1301 daAuts
Vaults:4: 1283 daAuts
    D:12: 1267 daAuts
